Map: King's Cove LE

Players

Meliodas

  • Race: Terran Terran
  • League: Diamond
  • Spawn Location: 11:00

MallaMike - Winner!

  • Race: Protoss Protoss
  • League: Silver
  • Spawn Location: 5:00

VOD

Have the link to the VOD?

Description

Time

  • Played on: July 1, 2019, 10:30 p.m.
  • Length: 15:56
Show
View Real Time Build Order
Export as new Build Order

Meliodas Terran 

Build Orders:  

Get SALT Encoding   

  12  0:01  SCV  
  13  0:21  Supply Depot  
  13  0:22  SCV  
  14  0:34  SCV  
  15  0:48  SCV  
  16  0:52  Refinery  
  16  0:55  Barracks  
  16  1:00  SCV  
  17  1:04  Barracks  
  17  1:12  SCV  
  18  1:24  SCV  
  19  1:36  SCV  
  20  1:48  SCV  
  20  1:51  Barracks Tech Lab, Barracks Reactor  
  20  1:53  Supply Depot  
  21  2:01  Orbital Command  
  21  2:19  Barracks  
  21  2:23  Stimpack  
  21  2:27  Marine  
  21  2:28  Marine x2  
  24  2:45  Marine x2  
  24  2:46  Marine  
  27  3:03  Command Center  
  27  3:04  Marine  
  28  3:05  Barracks Reactor  
  28  3:11  Marine x2  
  30  3:22  Marine  
  31  3:37  Supply Depot  
  31  3:40  Refinery  
  31  3:58  Marine  
  31  3:59  Marine x4  
  36  4:06  Supply Depot  
  36  4:16  Marine x5  
  41  4:17  Factory  
  41  4:34  Marine x4  
  45  4:42  Combat Shield  
  45  4:52  Supply Depot  
  25  5:39  Starport, Factory Reactor  
  25  5:40  Marine  
  25  5:41  Marine x4  
  30  5:54  Orbital Command  
  30  5:58  Marine x4  
  30  5:59  Marine  
  35  6:16  Marine x5  
  40  6:19  SCV x2  
  42  6:31  SCV  
  42  6:32  Barracks, SCV  
  44  6:34  Marine x3  
  44  6:35  Marine  
  44  6:36  Marine  
  44  6:37  Factory Tech Lab  
  49  6:42  Medivac  
  49  6:43  Medivac  
  49  6:44  SCV x2  
  55  6:52  Marine x3  
  58  7:12  Medivac x2, Command Center  
  62  7:19  Marine  
  62  7:20  Marine x2  
  65  7:23  Barracks Reactor  
  65  7:38  SCV x2  
  67  7:50  SCV x2  
  69  7:55  Supply Depot  
  69  7:58  Marine x2  
  69  8:00  Marine  
  69  8:01  Marine  
  69  8:02  SCV x2  
  75  8:14  Medivac, SCV  
  75  8:17  Medivac, SCV, Marine x2  
  83  8:25  Orbital Command  
  83  8:26  SCV  
  84  8:29  SCV  
  84  8:33  Refinery  
  85  8:34  Marine x2  
  85  8:36  Refinery  
  85  8:38  SCV  
  88  8:41  SCV  
  89  8:50  SCV  
  89  8:52  Marine x2  
  89  8:53  SCV  
  90  9:02  SCV  
  78  9:05  SCV  
  66  9:14  SCV  
  62  9:17  SCV  
  63  9:26  SCV  
  64  9:34  Barracks  
  64  9:36  Barracks  
  64  9:37  Barracks  
  64  9:42  Engineering Bay  
  64  9:46  Engineering Bay  
  64  9:53  SCV  
  64  9:54  SCV x2  
  64  9:57  Barracks  
  67  10:01  Barracks  
  67  10:05  SCV  
  67  10:06  SCV x2  
  70  10:08  Marine x7  
  77  10:16  Terran Infantry Armor Level 1, Terran Infantry Weapons Level 1  
  77  10:18  SCV x3  
  80  10:22  Armory  
  80  10:23  Barracks Reactor x2  
  80  10:26  Marine x6  
  86  10:30  SCV x3, Refinery  
  86  10:31  Refinery  
  89  10:42  SCV x3  
  91  10:52  Marine  
  91  10:53  Marine x7  
  93  10:57  Barracks Reactor x2  
  92  11:04  Barracks  
  92  11:06  Barracks  
  92  11:10  SCV, Marine x2  
  92  11:11  SCV x2  
  92  11:22  SCV  
  92  11:23  Medivac x2, SCV x2  
  95  11:35  SCV x3  
  98  11:47  SCV  
  99  11:49  Barracks Reactor  
  99  11:51  Barracks Reactor  
  99  11:53  Medivac  
  101  12:18  Command Center  
  101  12:28  Marine x8  
  101  12:29  Marine x8  
  117  12:30  Terran Infantry Weapons Level 2  
  117  12:31  Terran Infantry Armor Level 2, Supply Depot  
  117  12:34  Marine  
  117  12:35  Marine x3  
  121  12:46  Marine x4  
  125  12:52  Marine x8  
  133  13:02  Command Center  
  133  13:18  Supply Depot  
  133  13:22  Supply Depot  
  133  13:28  Supply Depot  
  133  13:30  Supply Depot, Marine x15  
  148  13:43  Supply Depot, Barracks Reactor  
  148  13:45  Marine x4  
  148  13:48  Supply Depot, Marine x9  
  160  14:02  Missile Turret x2  
  159  14:08  Missile Turret  
  159  14:09  Missile Turret  
  159  14:21  Missile Turret  
  159  14:22  Missile Turret  
  153  14:27  Missile Turret  
  153  14:28  SCV  
  153  14:29  SCV x2  
  147  14:41  SCV x3  
  150  14:47  Orbital Command  
  150  14:48  Orbital Command  
  150  14:53  SCV x3  
  150  14:55  Refinery  
  153  15:05  SCV x3  
  156  15:17  SCV x3  
  159  15:24  SCV x2  
  161  15:29  SCV x3  
  164  15:36  SCV x2  
  164  15:41  SCV x3  
Show
View Real Time Build Order
Export as new Build Order

MallaMike Protoss - Winner!

Build Orders:  

Get SALT Encoding   

  12  0:01  Probe  
  13  0:13  Probe  
  14  0:20  Pylon  
  14  0:25  Probe  
  15  0:37  Probe  
  15  0:41  Gateway  
  16  0:45  Probe  
  17  0:51  Assimilator  
  17  0:53  Probe  
  17  1:02  Probe  
  18  1:10  Probe  
  19  1:16  Assimilator  
  20  1:19  Probe  
  21  1:31  Probe  
  21  1:32  Cybernetics Core  
  22  1:41  Pylon  
  22  1:43  Probe  
  23  1:59  Probe  
  24  2:01  Warp Gate  
  24  2:05  Gateway  
  24  2:15  Stalker  
  26  2:28  Forge  
  26  2:41  Nexus  
  28  2:58  Sentry  
  28  2:59  Stalker  
  30  3:08  Protoss Ground Weapons Level 1  
  30  3:20  Gateway  
  30  3:28  Pylon  
  29  3:38  Stalker  
  31  3:42  Pylon  
  31  3:55  Photon Cannon  
  31  4:04  Pylon  
  31  4:05  Zealot  
  33  4:26  Photon Cannon  
  33  4:29  Photon Cannon  
  33  4:30  Stalker  
  35  4:35  Zealot  
  35  4:38  Probe  
  38  4:45  Sentry  
  40  4:54  Probe x2  
  34  5:18  Stalker x3  
  36  5:33  Probe  
  36  5:36  Probe  
  38  5:42  Stalker  
  40  5:51  Probe  
  40  5:52  Probe  
  40  5:53  Robotics Facility  
  42  5:59  Probe  
  43  6:05  Probe  
  43  6:08  Probe  
  43  6:10  Stalker x3  
  50  6:17  Probe, Twilight Council  
  52  6:22  Pylon  
  52  6:28  Probe  
  52  6:29  Probe  
  54  6:35  Observer  
  54  6:45  Immortal  
  55  6:49  Assimilator  
  55  6:53  Assimilator  
  56  6:54  Probe x2  
  56  6:59  Stalker x2  
  56  7:01  Sentry  
  67  7:23  Gateway  
  67  7:25  Gateway x2  
  67  7:26  Pylon  
  67  7:40  Pylon  
  67  7:43  Observer  
  67  7:44  Blink  
  67  7:49  Photon Cannon  
  67  7:51  Photon Cannon  
  67  8:19  Stargate  
  67  8:23  Warp Prism  
  67  8:25  Stalker x3  
  73  8:27  Zealot x3  
  81  8:37  Protoss Ground Weapons Level 2  
  81  8:48  Nexus  
  81  8:52  Pylon  
  71  9:02  Zealot x4  
  73  9:03  Zealot x2  
  71  9:14  Oracle  
  74  9:32  Gateway  
  74  9:33  Photon Cannon  
  74  9:36  Photon Cannon  
  74  9:41  Oracle  
  74  9:42  Pylon  
  77  9:55  Probe x2  
  79  10:03  Probe  
  81  10:07  Probe x2, Charge  
  81  10:13  Oracle  
  82  10:14  Stalker  
  82  10:15  Probe, Gateway, Photon Cannon  
  82  10:16  Photon Cannon  
  82  10:19  Probe, Assimilator  
  86  10:22  Assimilator  
  89  10:35  Zealot x4  
  93  10:36  Zealot  
  89  11:36  Robotics Bay  
  89  11:45  Probe x3  
  89  11:46  Robotics Facility  
  92  11:48  Zealot x3  
  92  11:49  Zealot  
  100  11:54  Zealot x4  
  100  11:57  Probe x2  
  100  11:59  Immortal  
  100  12:01  Protoss Shields Level 1  
  114  12:09  Extended Thermal Lance  
  114  12:23  Stalker  
  114  12:24  Stalker x2  
  120  12:39  Pylon  
  120  12:43  Colossus  
  120  12:45  Pylon  
  120  12:54  Colossus  
  126  13:00  Pylon  
  126  13:02  Pylon  
  126  13:07  Dark Shrine  
  132  13:46  Zealot x4  
  132  13:47  Zealot  
  132  14:15  Zealot x6  
  132  14:16  Zealot  
  146  14:30  Colossus  
  150  14:33  Colossus  
  150  14:35  Sentry  
  150  14:36  Sentry  
  150  14:37  Dark Templar  
  150  14:38  Dark Templar x3  
  156  14:46  Pylon  
  156  14:47  Pylon  
  155  14:57  Pylon  
  155  14:59  Pylon  
  155  15:02  Pylon  
  155  15:07  Pylon  
  155  15:10  Pylon, Dark Templar x2  
  155  15:11  Dark Templar  
  155  15:13  Zealot x5, Pylon  
  171  15:16  Nexus  
  162  15:49  Stalker x2  
Tags
 
Add a new tag
Caveats
  • Supply blocks, unpowered buildings, or Contaminate may cause inaccurate times.
  • Supply counts are checked every 10 seconds.